 Dungeon Crawl Stone Soup version 0.29-a0-222-g5b244fca1f (webtiles) character file.

Game seed: 10504894041705775244

75 Aksej the Skirmisher (level 4, 0/37 HPs)
             Began as a Demonspawn Monk on Feb 27, 2022.
             Succumbed to an adder's poison
             ... on level 2 of the Dungeon.
             The game lasted 00:02:33 (2279 turns).

Aksej the Skirmisher (Demonspawn Monk)              Turns: 2279, Time: 00:02:34

Health: 0/37       AC:  2    Str: 11    XL:     4   Next: 11%
Magic:  4/4        EV: 13    Int: 12    God:
Gold:   155        SH:  0    Dex: 17    Spells: 3/3 levels left

rFire   + . .      SeeInvis .   a - +0 mace
rCold   + . .      Faith    .   (no shield)
rNeg    . . .      Spirit   .   b - +0 robe
rPois   +          Reflect  .   (no helmet)
rElec   +          Harm     .   (no cloak)
rCorr   +          Rampage  .   (no gloves)
Will    .....                   (no boots)
Stlth   ++........              (no amulet)
HPRegen 0.12/turn               (no ring)
MPRegen 0.09/turn               (no ring)

@: lethally poisoned (0 -> -3), resistant, flying
A: claws 2
a: no special abilities


You were on level 2 of the Dungeon.
You visited 1 branch of the dungeon, and saw 2 of its levels.

You collected 155 gold pieces.

Inventory:

Hand Weapons
 a - a +0 mace (weapon)
Armour
 b - a +0 robe (worn)
Jewellery
 d - an amulet of guardian spirit
Potions
 e - a potion of berserk rage


   Skills:
 * Level 3.7 Fighting
 + Level 3.5 Maces & Flails
 + Level 3.0 Dodging
 + Level 2.2 Stealth


You had 3 spell levels left.
You didn't know any spells.
Your spell library was empty.

Dungeon Overview and Level Annotations

Branches:
Dungeon (2/15)

Altars:
Vehumet


Innate Abilities, Weirdness & Mutations

You have very sharp fingernails.


Message History

You feel sick. The adder bites you.
You are more poisoned.
The adder poisons you! The adder bites you but does no damage.
You hit the adder but do no damage.
The adder is severely wounded.
You feel very sick. The adder bites you.
You are more poisoned.
The adder poisons you! The adder bites you.
You are lethally poisoned!
The adder poisons you!
You hit the adder.
The adder is almost dead.
* * * LOW HITPOINT WARNING * * *
You feel very sick. The adder bites you.
* * * LOW HITPOINT WARNING * * *
You feel better. The adder barely misses you. The adder bites you.
* * * LOW HITPOINT WARNING * * *
You barely miss the adder.
The adder is almost dead.
The adder bites you.
* * * LOW HITPOINT WARNING * * *
You are lethally poisoned!
The adder poisons you!
You hit the adder.
You kill the adder!
* * * LOW HITPOINT WARNING * * *
You feel sick.
You have reached level 4!
You feel clever.
Your demonic ancestry asserts itself...
Your fingernails sharpen.
It was a potion of flight.
You feel very buoyant.
You fly up into the air.
* * * LOW HITPOINT WARNING * * *
You feel sick.
It was a potion of resistance.
You feel protected.
You die...

..# #.# #.# # #.#
#.#.# #.#.#######
#>†........ #@#
####### #.# #.....##
#.### #.###.<# ##
#...# #.#.#..# #.
###.####.#.#..# #.
#...##.#.(..# #.
###.##.#....# ##
#.#####.##.#########
#...................


There were no monsters in sight!

Vanquished Creatures
  An adder (D:2)
  A worm (D:2)
  2 dart slugs (D:1)
  2 ball pythons (D:1)
  4 bats
  8 endoplasms
  3 giant cockroaches (D:1)
  5 goblins
  4 hobgoblins
  7 jackals
  2 quokkas (D:1)
  4 frilled lizards
  9 rats
52 creatures vanquished.

Vanquished Creatures (others)
  5 toadstools (D:1)
5 creatures vanquished.

Grand Total: 57 creatures vanquished

Notes
Turn   | Place    | Note
-------+----------+-------------------------------------------
     0 | D:1      | Aksej the Demonspawn Monk began the quest for the Orb.
     0 | D:1      | Reached XP level 1. HP: 18/18 MP: 1/1
   147 | D:1      | Gained mutation: You have sharp fingernails. [demonic
                  | ancestry]
   147 | D:1      | Reached XP level 2. HP: 24/24 MP: 2/2
   456 | D:1      | Reached XP level 3. HP: 10/29 MP: 3/3
   881 | D:1      | Found a faded altar of an unknown god.
  1918 | D:2      | Found a radiant altar of Vehumet.
  2277 | D:2      | HP: 1/30 [poisoned by an adder]
  2278 | D:2      | Gained mutation: You have very sharp fingernails. [demonic
                  | ancestry]
  2278 | D:2      | Reached XP level 4. HP: 2/37 MP: 4/4
  2279 | D:2      | Succumbed to an adder's poison

Illustrated notes

Levels and vault maps discovered:
D:1:      dpeg_arrival_ratfight, layout_loops_cross,
          ebering_ecumenical_altar_mist, minmay_gold_behind_fungi,
          solitary_fountain
D:2:      layout_basic, basic_altar

Skill      XL: |  1  2  3 |
---------------+----------+-----
Maces & Flails | 3 |  3.5
Stealth        | 2 |  2.2
Dodging        | 3 |  3.0
Fighting       | |  3.7

Action                   |  1- 3 |  4- 6 || total
-------------------------+-------+-------++-------
Melee: Mace              |   173 |       ||   173
       Punch             |     2 |       ||     2
  Use: Potion            |     2 |     2 ||     4
       Scroll            |     2 |       ||     2
 Stab: Sleeping          |    13 |       ||    13
Armor: Robe              |    27 |       ||    27
Dodge: Dodged            |   131 |       ||   131

Table legend: (Time is in decaauts)
 A = Elapsed time spent in this place.
 B = Non-inter-level travel time spent in this place.
 C = Inter-level travel time spent in this place.
 D = Time resting spent in this place.
 E = Time spent auto-exploring this place.
 F = Levels seen in this place.
 G = Mean time per level.
                   A        B        C        D        E       F      G
               +--------+--------+--------+--------+--------+-----+--------+
         Total |   2320 |   2283 |     37 |      0 |   1866 |   2 | 1160.0 |
       Dungeon |   2320 |   2283 |     37 |      0 |   1866 |   2 | 1160.0 |
               +--------+--------+--------+--------+--------+-----+--------+

Top non-repeatable levels by time:
     D:1: 1609 daAuts
     D:2: 711 daAuts
